 Dungeon Sprint DCSS version 0.29.1-2-gbd0b4ee654 (webtiles) character file.

Game seed: 652509426081682570

11 boopmooplesden the Twirler (level 2, 0/26 HPs)
             Began as a Minotaur Gladiator on Nov 29, 2022.
             Succumbed to a scorpion's poison
             ... in the Dungeon (Sprint VII: "The Pits").
             The game lasted 00:00:11 (28 turns).

boopmooplesden the Twirler (Minotaur Gladiator)       Turns: 28, Time: 00:00:12

Health: 0/26       AC:  3    Str: 18    XL:     2   Next: 13%
Magic:  1/1        EV: 12    Int:  5    God:
Gold:   0          SH:  0    Dex: 11    Spells: 1/1 levels left

rFire   . . .      SeeInvis .   a - +0 quarterstaff
rCold   . . .      Faith    .   (shield currently unavailable)
rNeg    . . .      Spirit   .   b - +0 leather armour
rPois   .          Reflect  .   c - +0 hat
rElec   .          Harm     .   (no cloak)
rCorr   .          Rampage  .   (no gloves)
Will    .....      NoTele   +   (no boots)
Stlth   +.........              (no amulet)
HPRegen 0.08/turn               (no ring)
MPRegen 0.07/turn               (no ring)

@: lethally poisoned (0 -> -18)
A: horns 2, retaliatory headbutt
a: no special abilities


You were in the Dungeon.
You visited 1 branch

Inventory:

Hand Weapons
 a - a +0 quarterstaff (weapon)
Missiles
 d - 3 throwing nets (quivered)
 e - a javelin
Armour
 b - a +0 leather armour (worn)
 c - a +0 hat (worn)
Scrolls
 k - a scroll of blinking
Potions
 f - a potion of curing
 g - a potion of heal wounds
 h - a potion of haste
 i - 2 potions of magic
 j - a potion of berserk rage


   Skills:
 + Level 3.0 Fighting
 + Level 4.9 Staves
 + Level 2.3 Throwing
 + Level 4.4 Dodging


You had one spell level left.
You didn't know any spells.
Your spell library was empty.

Dungeon Overview and Level Annotations

Branches:
Dungeon (1/1)

Altars:


Innate Abilities, Weirdness & Mutations

You have a pair of horns on your head.
You reflexively headbutt those who attack you in melee.


Message History

You kill the endoplasm!
Your Staves skill increases to level 4!
As you open the door, it creaks loudly!
A gnoll comes into view. It is wielding a +0 club.
The gnoll closely misses you.
There is an open door here.
You completely miss the gnoll. Your headbutt misses the gnoll.
The gnoll closely misses you.
You thump the gnoll!
The gnoll is severely wounded.
The gnoll hits you with a +0 club.
You hit the gnoll.
The gnoll is almost dead.
The gnoll completely misses you.
You hit the gnoll.
You kill the gnoll!
Your Fighting skill increases to level 3!
Your Dodging skill increases to level 4!
You have reached level 2!
Things that are here:
a +0 club; a gnoll corpse You open the door.
A scorpion and a rat come into view.
You hit the scorpion but do no damage. The scorpion stings you.
You are poisoned.
The scorpion poisons you!
Sorry, you're not good enough to have a special ability.
Sorry, you're not good enough to have a special ability.
You barely miss the scorpion.
You feel very sick. The scorpion closely misses you. The scorpion stings you.
You barely miss the scorpion. Your headbutt misses the scorpion.
* * * LOW HITPOINT WARNING * * *
You feel sick. The scorpion stings you.
* * * LOW HITPOINT WARNING * * *
You are more poisoned.
The scorpion poisons you!
You hit the scorpion.
The scorpion is lightly wounded.
You die...

##########++
#+##...........
+.##......#..#
##########.##..........
#...........'...........
#+#####'#####......#..#.
#.)#..##...........
+.@sr.#####'#####+
####+###.......#
#.......# #.......#
#...<...# #.......#
#.......# #.......#
#########


You could see a scorpion and a rat.

Vanquished Creatures
  A gnoll (D)
  An endoplasm (D)
2 creatures vanquished.

Notes
Turn   | Place    | Note
-------+----------+-------------------------------------------
     0 | D        | boopmooplesden the Minotaur Gladiator began the quest for
                  | the Orb.
     0 | D        | Reached XP level 1. HP: 18/18 MP: 0/0
    22 | D        | Reached XP level 2. HP: 20/26 MP: 1/1
    24 | D        | Noticed a scorpion
    28 | D        | Succumbed to a scorpion's poison

Illustrated notes

Levels and vault maps discovered:
D:        pitsprint [storerooms_1, entrance_room_1, metal_vault_5, armoury_1,
          mini_pit_1, grid_room_1, main_hall_1, silver_pit, the_coven_3,
          the_vestibule_1, steel_vault_2, golden_pit, hallway_of_sentries,
          crystal_vault_4, iron_vault_2, final_vault]

Skill      XL: |  1 |
---------------+----+-----
Staves         | 4 |  4.9
Fighting       | 3 |  3.0
Dodging        | 4 |  4.4
Throwing       | |  2.3

Action                   || total
-------------------------++-------
Melee: Quarterstaff      ||     9
Armor: Leather armour    ||     1
Dodge: Dodged            ||     4
